 Dungeon Crawl Stone Soup version 0.23.1-37-gaa34b87 (webtiles) character file.

Game seed: 13824151358299308134

10968 Borgoz the Slicer (level 11, -5/95 HPs)
             Began as a Ghoul Monk on Mar 22, 2019.
             Was a Believer of Ashenzari.
             Slain by an orc warrior
             ... wielding a +4 dire flail
              (18 damage)
             ... on level 10 of the Dungeon.
             The game lasted 00:38:24 (16636 turns).

Borgoz the Slicer (Ghoul Monk)                     Turns: 16636, Time: 00:38:25

Health: -5/95      AC: 15    Str: 21    XL:     11   Next: 70%
Magic:  10/10      EV: 11    Int:  8    God:    Ashenzari [**....]
Gold:   928        SH:  0    Dex: 11    Spells: 10/10 levels left

rFire    . . .     SeeInvis .   a - +2 dagger (venom)
rCold    + . .     Gourm    .   (no shield)
rNeg     + + +     Faith    .   q - +0 chain mail
rPois    ∞         Spirit   .   e - +0 helmet
rElec    .         Reflect  .   z - scarf {cloud immunity} (curse)
rCorr    +         Harm     .   (no gloves)
MR       .....                  y - +1 pair of boots (curse)
Stlth    ..........             (no amulet)
HPRegen  0.00/turn              D - ring of resist corrosion
MPRegen  0.12/turn              (no ring)

@: mighty, rotting
A: rotting body, claws 1, carnivore, cold resistance 1, negative energy
resistance 3, inhibited regeneration, torment resistance, unbreathing
a: Curse Item, Scrying, Renounce Religion


You were on level 10 of the Dungeon.
You worshipped Ashenzari.
Ashenzari was pleased with you.
You were not hungry.

You visited 3 branches of the dungeon, and saw 14 of its levels.
You also visited: Ossuary and Bailey.

You collected 928 gold pieces.

Inventory:

Hand Weapons
 a - a +2 dagger of venom (weapon)
 b - a +0 blowgun
 i - the +7 dire flail "Banisher" {drain, rPois rF++ rC+}
   (You found it in a bailey)

   A truly terrible weapon, it drains the life of those it strikes.
   It greatly protects you from fire.
   It protects you from cold.
   It protects you from poison.
 n - a +2 quarterstaff of chaos
 t - a +0 dagger of freezing
 w - a +2 rapier
 C - a +0 dagger of chaos
Missiles
 p - 32 poisoned needles
 s - 6 tomahawks (quivered)
 A - 2 throwing nets
 H - 45 tomahawks of returning
Armour
 e - a +0 helmet (worn)
 q - a +0 chain mail (worn)
 y - a cursed +1 pair of boots (worn)
 z - a cursed scarf of cloud immunity (worn)
Magical Staves
 E - an uncursed staff of energy
Jewellery
 D - a ring of resist corrosion (left claw)
Wands
 l - a wand of flame (24)
 m - a wand of polymorph (10)
 G - a wand of digging (7)
Scrolls
 d - 6 scrolls of enchant armour
 f - a scroll of magic mapping
 g - a scroll of blinking
 h - 2 scrolls of acquirement {unknown}
 u - a scroll of remove curse
 v - 4 scrolls of teleportation
 F - a scroll of amnesia
Potions
 j - 3 potions of magic
 k - a potion of flight
 r - 9 potions of curing
 x - a potion of might
Comestibles
 c - 20 rations


   Skills:
 + Level 8.8 Fighting
 * Level 10.1 Short Blades
 + Level 9.1 Armour
 * Level 8.1 Dodging
 - Level 2.1 Stealth


You had 10 spell levels left.
You didn't know any spells.
Your spell library contained the following spells:

 Spells                   Type           Power        Failure   Level  Hunger
 Shock                    Conj/Air       #...         96%         1    ##.....
 Swiftness                Chrm/Air       #.......     99%         2    ###....
 Static Discharge         Conj/Air       #.......     100%        3    ####...
 Airstrike                Air            #.........   100%        4    #####..
 Lightning Bolt           Conj/Air       #.........   100%        5    ######.


Dungeon Overview and Level Annotations

Branches:
Dungeon (12/15)            Temple (1/1) D:5             Orc (1/2) D:10
   Lair: D:8-11

Altars:
Ashenzari
Cheibriados
Dithmenos
Elyvilon
Fedhas
Gozag
Hepliaklqana
Kikubaaqudgha
Makhleb
Nemelex Xobeh
Okawaru
Qazlal
Ru
Sif Muna
Trog
Uskayaw
Vehumet
Wu Jian
Xom
Yredelemnul
Zin
The Shining One

Shops:
D:8 *   D:10 }}

Annotations:
D:8 DMessenger's ghost, novice MiFi


Innate Abilities, Weirdness & Mutations

Your body is rotting away.
You thrive on raw meat.
You are immune to poison.
You have sharp fingernails.
You are carnivorous and can eat meat at any time.
Your flesh is cold resistant. (rC+)
You are immune to negative energy. (rN+++)
You do not regenerate when monsters are visible.
You are immune to unholy pain and torment.
You can survive without breathing.


Message History

* * * LOW HITPOINT WARNING * * *
You barely miss the orc warrior.
Your chain mail prevents you from hitting the orc warrior.
You hit the orc warrior.
The orc warrior is poisoned.
The orc warrior is lightly wounded.
The orc warrior hits you with a +4 dire flail!
* * * LOW HITPOINT WARNING * * *
Eat one of 3 chunks of flesh? (ye/n/q)
You eat one of the 3 chunks of flesh.
This raw flesh tastes great!
The orc warrior barely misses you.
Eat one of 2 chunks of flesh? (ye/n/q)
You eat one of the 2 chunks of flesh.
This raw flesh tastes great!
The orc warrior hits you but does no damage.
Eat a chunk of flesh? (ye/n/q)
You eat the chunk of flesh.
This raw flesh tastes great!
The orc warrior hits you with a +4 dire flail!
* * * LOW HITPOINT WARNING * * *
You feel very mighty all of a sudden.
The orc warrior hits you with a +4 dire flail!!
You die...

#..# #.### #..... ##.# #...#
####'# ###.# ####'##### #..
#...#########........# #####
###.#.........'........###....
####.....#########........#.'....
......8......# #........'.#....
............[#####........###....
..........o..#ho@.........# #....
.....).)....ooo#####'###### #....
8....)>[....8.{# #.## #....
.....)).......## #..## #..).
.............## ##..# ###'#
.............# #####+### #.#
......8.[....#####.......# #.#
####.....#####...'.......# #.#
#..............###.......# ##.#


You could see a warg, 2 orc warriors and 2 orcs.

Vanquished Creatures
  An orc warlord (Bailey)
  3 two-headed ogres
  Pikel (D:7)
  An ugly thing (D:11)
  A deep elf mage (D:12)
  Psyche (D:10)
  A centaur skeleton (D:8)
  A hornet (D:9)
  Prince Ribbit (D:9)
  A wyvern (D:10)
  2 hungry ghosts
  Menkaure (D:7)
  Edmund (D:4)
  A soldier ant (D:10)
  A water moccasin (D:10)
  5 orc warriors
  3 phantoms
  2 ice beasts
  5 centaurs
  10 ogres
  A crocodile (D:9)
  A big kobold (D:8)
  An elf zombie (Ossuary)
  3 bullfrogs
  2 scorpions
  2 troll zombies (D:10)
  3 killer bees (D:8)
  2 howler monkeys
  2 crimson imps (D:10)
  A bullfrog zombie (D:8)
  5 hounds
  6 orc priests
  2 bullfrog skeletons
  2 jellies
  9 orc wizards
  A human zombie (Ossuary)
  Ijyb (D:3)
  Crazy Yiuf (D:7)
  Jessica (D:2)
  Natasha (thrice) (D:3)
  5 iguanas
  7 worker ants
  2 big kobold zombies (Ossuary)
  4 ogre zombies (D:10)
  3 mummies
  10 adders
  3 shadow imps (D:5)
  4 white imps (D:8)
  3 oozes
  2 adder skeletons
  An adder zombie (D:7)
  7 worms
  5 dart slugs
  6 leopard geckos
  37 orcs
  7 giant cockroaches
  4 gnoll zombies (Ossuary)
  13 goblins
  17 hobgoblins
  12 jackals
  24 kobolds
  5 quokkas
  3 ball pythons
  7 bats
  7 frilled lizards
  A goblin skeleton (D:10)
  5 goblin zombies
  A hobgoblin skeleton (D:10)
  7 hobgoblin zombies
  A kobold zombie (D:7)
  An orc skeleton (D:10)
  15 orc zombies
  6 rats
327 creatures vanquished.

Vanquished Creatures (collateral kills)
  An ogre zombie (D:10)
  A hobgoblin zombie (D:10)
  An orc zombie (D:10)
3 creatures vanquished.

Vanquished Creatures (others)
  A water moccasin (D:7)
  A shadow imp (D:7)
2 creatures vanquished.

Grand Total: 332 creatures vanquished

Notes
Turn   | Place    | Note
-------+----------+-------------------------------------------
     0 | D:1      | Borgoz the Ghoul Monk began the quest for the Orb.
     0 | D:1      | Reached XP level 1. HP: 19/19 MP: 0/0
   210 | D:1      | Reached XP level 2. HP: 17/26 MP: 1/1
   383 | D:1      | Reached skill level 3 in Short Blades
   711 | D:1      | Reached skill level 1 in Armour
  1040 | D:1      | Reached XP level 3. HP: 31/31 MP: 2/2
  1436 | D:2      | Found an iron altar of Okawaru.
  1474 | D:2      | Found a white marble altar of Elyvilon.
  1682 | D:2      | Reached XP level 4. HP: 38/40 MP: 3/3
  1811 | D:2      | Noticed Jessica
  1817 | D:2      | Killed Jessica
  2030 | D:2      | Reached XP level 5. HP: 44/46 MP: 4/4
  2288 | D:3      | Noticed Ijyb
  2296 | D:3      | Paralysed by Ijyb for 7 turns
  2313 | D:3      | Paralysed by Ijyb for 7 turns
  2329 | D:3      | Noticed Natasha
  2331 | D:3      | Reached skill level 4 in Short Blades
  2337 | D:3      | Paralysed by Ijyb for 7 turns
  2351 | D:3      | Killed Natasha
  2357 | D:3      | Killed Ijyb
  2357 | D:3      | Reached XP level 6. HP: 14/52 MP: 5/5
  2414 | D:3      | Noticed Natasha
  2423 | D:3      | Killed Natasha
  2495 | D:3      | Noticed Natasha
  2509 | D:3      | Killed Natasha
  2792 | D:3      | Found a faded altar of an unknown god.
  3091 | D:3      | Found a hide-covered altar of Uskayaw.
  3445 | D:4      | Reached XP level 7. HP: 59/60 MP: 6/6
  3799 | D:4      | Noticed Edmund
  3819 | D:4      | Killed Edmund
  3819 | D:4      | Reached skill level 5 in Short Blades
  4130 | D:4      | Found a stormy altar of Qazlal.
  4235 | D:4      | Reached skill level 5 in Fighting
  4241 | D:4      | Reached XP level 8. HP: 11/67 MP: 7/7
  5087 | D:5      | Entered Level 5 of the Dungeon
  5481 | D:5      | Found a staircase to the Ecumenical Temple.
  5490 | Temple   | Entered the Ecumenical Temple
  6264 | D:6      | Reached skill level 5 in Armour
  6273 | D:6      | Found a deep blue altar of Sif Muna.
  6357 | D:6      | Reached skill level 6 in Short Blades
  6620 | D:6      | Found a snail-covered altar of Cheibriados.
  7046 | D:7      | Noticed Pikel
  7223 | D:7      | Noticed Menkaure
  7243 | D:7      | Killed Menkaure
  7245 | D:7      | Found a shimmering altar of Xom.
  7246 | D:7      | Found a shimmering altar of Xom.
  7249 | D:7      | Found a shimmering altar of Xom.
  7250 | D:7      | Found a shimmering altar of Xom.
  7255 | D:7      | Found a shimmering altar of Xom.
  7255 | D:7      | Found a shimmering altar of Xom.
  7256 | D:7      | Found a shimmering altar of Xom.
  7298 | D:7      | Reached XP level 9. HP: 69/75 MP: 8/8
  7305 | D:7      | Found a sand-covered staircase.
  7369 | Ossuary  | Entered an ossuary
  7975 | D:7      | Reached skill level 5 in Dodging
  7985 | D:7      | Noticed an elephant
  8020 | D:7      | Killed Pikel
  8020 | D:7      | Reached skill level 7 in Short Blades
  8280 | D:7      | Noticed a guardian serpent
  8280 | D:7      | Noticed an alligator snapping turtle
  8321 | D:7      | Found a runed translucent door.
  8322 | D:7      | Noticed Crazy Yiuf
  8506 | D:7      | Killed Crazy Yiuf
  8567 | D:7      | Noticed a shadow dragon
  8573 | D:7      | Noticed a mana viper
  8762 | D:8      | Found Sesexaowk's Mass Market.
  8957 | D:8      | Found a runed translucent gate.
  8957 | D:8      | Found a runed translucent gate.
  8957 | D:8      | Found a runed translucent gate.
  9747 | D:8      | Reached XP level 10. HP: 67/84 MP: 9/9
 10046 | D:9      | Reached skill level 8 in Short Blades
 10159 | D:9      | Noticed a two-headed ogre
 10202 | D:9      | Killed a two-headed ogre
 10565 | D:9      | Found a shimmering altar of Xom.
 10574 | D:9      | Found an opulent altar of Gozag.
 10574 | D:9      | Found a shadowy altar of Dithmenos.
 10576 | D:9      | Found an ancient bone altar of Kikubaaqudgha.
 10578 | D:9      | Found a sparkling altar of Nemelex Xobeh.
 10640 | D:9      | Noticed Prince Ribbit
 10665 | D:9      | Killed Prince Ribbit
 10778 | D:9      | Noticed a two-headed ogre
 10801 | D:9      | Killed a two-headed ogre
 11175 | D:10     | Entered Level 10 of the Dungeon
 11209 | D:10     | Found a staircase to the Orcish Mines.
 11669 | D:9      | Reached skill level 9 in Short Blades
 12744 | D:10     | Found Bocutori's Gadget Shop.
 13490 | D:10     | Reached XP level 11. HP: 61/93 MP: 10/10
 13896 | D:10     | Found Jauhupti's Gadget Shop.
 13946 | D:10     | Noticed Psyche
 13967 | D:10     | Killed Psyche
 14049 | D:10     | Found Pyiluurr's Antique Armour Shop.
 14471 | D:11     | Noticed a red ugly thing
 14503 | D:11     | Killed a red ugly thing
 14529 | D:12     | Noticed a deep elf mage
 14541 | D:12     | Killed a deep elf mage
 14584 | D:12     | Found a white marble altar of Elyvilon.
 14612 | D:12     | Noticed a two-headed ogre
 14634 | D:12     | Killed a two-headed ogre
 14708 | D:12     | Found a flagged portal.
 14815 | Bailey   | Entered a bailey
 14820 | Bailey   | Noticed an orc warlord
 15134 | Bailey   | Found a runed translucent gate.
 15136 | Bailey   | Found a runed translucent gate.
 15205 | Bailey   | Found a runed translucent gate.
 15417 | Bailey   | Killed an orc warlord
 15417 | Bailey   | Reached skill level 10 in Short Blades
 15479 | Bailey   | Got an ancient dire flail
 15732 | Temple   | Became a worshipper of Ashenzari the Shackled
 15732 | Temple   | Reached * piety under Ashenzari
 15732 | Temple   | Reached ** piety under Ashenzari
 15906 | D:8      | Noticed DMessenger's ghost (novice MiFi)
 16274 | Orc:1    | Entered Level 1 of the Orcish Mines
 16570 | Orc:1    | Noticed an orc sorcerer
 16636 | D:10     | Slain by an orc warrior

Skill      XL: |  1  2  3  4  5  6  7  8  9 10 11 |
---------------+----------------------------------+-----
Short Blades   | 3 4 5 6 7 9 10 | 10.1
Armour         | 1 2 3 4 5 7 8 9 |  9.1
Dodging        | 3 4 5 6 8 |  8.1
Fighting       | 4 5 6 8 |  8.8
Stealth        | |  2.1

Action                   |  1- 3 |  4- 6 |  7- 9 | 10-12 || total
-------------------------+-------+-------+-------+-------++-------
Melee: Short sword       |    97 |       |       |       ||    97
       Dagger            |    46 |   191 |   532 |   959 ||  1728
       Rapier            |       |       |   107 |    75 ||   182
Invok: Curse Item        |       |       |       |     2 ||     2
Evoke: Wand              |       |       |       |     7 ||     7
  Use: Potion            |       |     3 |     4 |    14 ||    21
       Scroll            |       |     8 |     8 |     8 ||    24
 Stab: Sleeping          |     4 |       |       |       ||     4
       Invisible         |       |       |     4 |       ||     4
       Distracted        |       |       |       |     1 ||     1
  Eat: Chunk             |     1 |    10 |    20 |    48 ||    79
Armor: Robe              |    31 |       |       |       ||    31
       Chain mail        |       |   155 |   278 |   557 ||   990
Dodge: Dodged            |    91 |    88 |   231 |   486 ||   896
